 Dungeon Crawl Stone Soup version 0.29-a0-338-g1ff7896281 (webtiles) character file.

Game seed: 9804657474757785236

461692 Jortsu the Hoplite (level 24, -7/185 HPs)
             Began as a Gargoyle Fighter on Apr 18, 2022.
             Was an Initiate of Gozag.
             Mangled by Vv (9 damage)
             ... on level 4 of the Depths on Apr 19, 2022.
             The game lasted 03:17:21 (74968 turns).

Jortsu the Hoplite (Gargoyle Fighter)              Turns: 74968, Time: 03:17:21

Health: -7/185     AC: 40    Str: 33    XL:     24   Next: 17%
Magic:  23/23      EV:  8    Int: 10    God:    Gozag
Gold:   7067       SH: 22    Dex: 13    Spells: 23/23 levels left

rFire   . . .      SeeInvis .   K - +6 war axe of Hiurhes {speed, rN+ Str+4}
rCold   + . .      Faith    .   N - +0 tower shield
rNeg    + + +      Spirit   .   W - +0 crystal plate armour
rPois   ∞          Reflect  .   (helmet restricted)
rElec   +          Harm     .   k - scarf {repulsion}
rCorr   .          Rampage  .   l - +2 pair of gloves
Will    +....                   (no boots)
Stlth   ..........              I - amulet of Miylomai {Acrobat rF- Dex+2 Slay+6}
HPRegen 0.40/turn               b - ring of the Tarantula {rPois rC+ rN+}
MPRegen 0.18/turn               p - ring of protection from fire

@: flying, studying Bows, repel missiles
A: sickness immunity, AC +18, big wings, negative energy resistance 1,
electricity resistance, torment resistance 1, petrification resistance, horns 1,
deformed body, robust 1, devolution 1
}: 3/15 runes: decaying, silver, gossamer
a: Renounce Religion, Potion Petition, Call Merchant, Bribe Branch


You were on level 4 of the Depths.
You worshipped Gozag.
Gozag was greatly pleased with you.
You visited 8 branches of the dungeon, and saw 43 of its levels.
You visited the Abyss 5 times.
You also visited: Ossuary and Gauntlet.

You collected 22925 gold pieces.
You spent 1987 gold pieces at shops.
You paid 13871 gold pieces to Gozag.

Inventory:

Hand Weapons
 g - a +4 demon blade of flaming
 K - the +6 war axe of Hiurhes (weapon) {speed, rN+ Str+4}
   (You found it on level 11 of the Dungeon)

   Attacks with this weapon are significantly faster.
   Str:       It affects your strength (+4).
   rN:        It protects you from negative energy.
 U - the +6 arbalest "Damnation" {damnation}
   (You bought it in a shop on level 1 of the Elven Halls)

   Any ammunition fired from it explodes in a burst of damnation on striking a
   foe, dealing damage which bypasses armour.
 V - a +2 vampiric executioner's axe
Armour
 k - a scarf of repulsion (worn)
 l - a +2 pair of gloves (worn)
 C - the +2 helmet of Lucidity {rC+ Will+}
   (You found it on level 2 of the Vaults)

   rC:        It protects you from cold.
   Will:      It increases your willpower.
 N - a +0 tower shield (worn)
 Q - a scarf of resistance
 W - a +0 crystal plate armour (worn)
 Z - a +2 helmet of intelligence
Jewellery
 b - the ring of the Tarantula (left hand) {rPois rC+ rN+}
   (You bought it in a shop on level 3 of the Depths)

   [ring of protection from cold]

   rC:        It protects you from cold.
   rPois:     It protects you from poison.
   rN:        It protects you from negative energy.
 d - a ring of positive energy
 n - a ring of willpower
 p - a ring of protection from fire (right hand)
 v - the ring "Tepruaju" {rPois MP+9 Str+7 Dex-2 Stlth-}
   (You found it on level 3 of the Depths)

   [ring of magical power]

   Str:       It affects your strength (+7).
   Dex:       It affects your dexterity (-2).
   rPois:     It protects you from poison.
   MP:        It affects your magic capacity (+9).
   Stlth:     It makes you less stealthy.
 I - the amulet of Miylomai (around neck) {Acrobat rF- Dex+2 Slay+6}
   (You found it on level 6 of the Lair of Beasts)

   [amulet of the acrobat]

   It increases your evasion while moving and waiting.
   Dex:       It affects your dexterity (+2).
   Slay:      It affects your accuracy & damage with ranged weapons and melee
   (+6).
   rF:        It makes you vulnerable to fire.
 R - the ring "Vain" {rC- rN+ Str+3 Int+3 Stlth+}
   (You found it in a Gauntlet)

   [ring of positive energy]

   Str:       It affects your strength (+3).
   Int:       It affects your intelligence (+3).
   rC:        It makes you vulnerable to cold.
   rN:        It protects you from negative energy.
   Stlth:     It makes you more stealthy.
 T - the dreamshard necklace {*Dream Drain}
   (You took it off a minotaur in a Gauntlet)

   [amulet of nothing]

   It shatters if its wearer takes lethal or near-lethal damage, preventing the
   blow and releasing protective dreams that heal and fight for the wearer.
   Drain:     It drains your maximum health when unequipped.
 X - a ring of see invisible
Wands
 o - a wand of acid (49)
 w - a wand of paralysis (9)
 y - a wand of flame (91)
 J - a wand of polymorph (14)
 L - a wand of iceblast (27)
Scrolls
 c - a scroll of torment
 e - 4 scrolls of blinking
 j - 10 scrolls of teleportation
 r - 6 scrolls of fog
 t - 8 scrolls of magic mapping
 u - 5 scrolls of enchant armour
 x - 3 scrolls of enchant weapon
 H - 4 scrolls of fear
 M - a scroll of holy word
 O - 24 scrolls of identify
 P - 3 scrolls of summoning
 S - a scroll of brand weapon
Potions
 a - 2 potions of brilliance
 f - a potion of berserk rage
 h - 4 potions of haste
 i - a potion of magic
 m - 27 potions of curing
 s - 3 potions of cancellation
 z - 2 potions of heal wounds
 A - 7 potions of lignification
 B - 6 potions of resistance
 D - 9 potions of might
 E - 3 potions of invisibility
 G - 12 potions of ambrosia
Miscellaneous
 F - a lightning rod (4/4)


   Skills:
 + Level 22.3 Fighting
 + Level 20.5(21.8) Axes
 + Level 14.4(20.0) Maces & Flails
 + Level 18.3 Armour
 + Level 2.8 Dodging
 + Level 7.9 Stealth
 + Level 22.9 Shields
 + Level 1.0 Evocations


You had 23 spell levels left.
You didn't know any spells.
Your spell library contained the following spells:

 Spells                   Type           Power      Damage    Failure   Level
 Animate Skeleton         Necr           0%         N/A       99%         1
 Apportation              Tloc           0%         N/A       99%         1
 Beastly Appendage        Tmut           0%         N/A       99%         1
 Foxfire                  Conj/Fire      0%         2x1d4     99%         1
 Freeze                   Ice            0%         1d3       99%         1
 Magic Dart               Conj           0%         1d3       99%         1
 Pain                     Necr           0%         1d4       99%         1
 Sandblast                Erth           0%         2d4       99%         1
 Shock                    Conj/Air       0%         1d3       99%         1
 Slow                     Hex            0%         N/A       99%         1
 Summon Small Mammal      Summ           0%         N/A       99%         1
 Blink                    Tloc           0%         N/A       100%        2
 Call Imp                 Summ           0%         N/A       100%        2
 Corpse Rot               Necr/Air       0%         N/A       100%        2
 Passwall                 Tmut/Erth      0%         N/A       100%        2
 Poisonous Vapours        Pois/Air       0%         N/A       100%        2
 Scorch                   Fire           0%         2d5       100%        2
 Static Discharge         Conj/Air       0%         N/A       100%        2
 Wereblood                Tmut           0%         N/A       100%        2
 Call Canine Familiar     Summ           0%         N/A       100%        3
 Confusing Touch          Hex            0%         N/A       100%        3
 Conjure Flame            Conj/Fire      0%         6-21      100%        3
 Dazzling Flash           Conj/Hex       0%         N/A       100%        3
 Frozen Ramparts          Ice            0%         1d2       100%        3
 Ignite Poison            Fire/Tmut/Pois 0%         N/A       100%        3
 Inner Flame              Hex/Fire       0%         N/A       100%        3
 Mephitic Cloud           Conj/Pois/Air  0%         N/A       100%        3
 Ozocubu's Armour         Ice            0%         N/A       100%        3
 Portal Projectile        Hex/Tloc       0%         N/A       100%        3
 Spider Form              Tmut/Pois      0%         N/A       100%        3
 Stone Arrow              Conj/Erth      0%         3d7       100%        3
 Summon Guardian Golem    Hex/Summ       0%         N/A       100%        3
 Swiftness                Air            0%         N/A       100%        3
 Tukima's Dance           Hex            0%         N/A       100%        3
 Vampiric Draining        Necr           0%         2d6       100%        3
 Airstrike                Air            0%         N/A       100%        4
 Anguish                  Hex/Necr       0%         N/A       100%        4
 Animate Armour           Summ/Erth      0%         N/A       100%        4
 Animate Dead             Necr           0%         N/A       100%        4
 Cause Fear               Hex            0%         N/A       100%        4
 Dispel Undead            Necr           0%         3d6       100%        4
 Flame Wave               Conj/Fire      0%         2d4       100%        4
 Fulminant Prism          Conj/Hex       0%         3d6       100%        4
 Hailstorm                Conj/Ice       0%         3d3       100%        4
 Ice Form                 Ice/Tmut       0%         N/A       100%        4
 Iskenderun's Mystic Bla  Conj/Tloc      0%         2d3       100%        4
 Leda's Liquefaction      Hex/Erth       0%         N/A       100%        4
 Olgreb's Toxic Radiance  Pois           0%         N/A       100%        4
 Passage of Golubria      Tloc           0%         N/A       100%        4
 Petrify                  Tmut/Erth      0%         N/A       100%        4
 Sticky Flame             Conj/Fire      0%         2d3       100%        4
 Summon Ice Beast         Ice/Summ       0%         N/A       100%        4
 Summon Lightning Spire   Summ/Air       0%         N/A       100%        4
 Agony                    Necr           0%         N/A       100%        5
 Alistair's Intoxication  Tmut/Pois      0%         N/A       100%        5
 Borgnjor's Vile Clutch   Necr/Erth      0%         N/A       100%        5
 Excruciating Wounds      Necr           0%         N/A       100%        5
 Fireball                 Conj/Fire      0%         3d3       100%        5
 Iskenderun's Battlesphe  Conj           0%         2d6       100%        5
 Lee's Rapid Deconstruct  Erth           0%         3d5*      100%        5
 Lightning Bolt           Conj/Air       0%         1d11      100%        5
 Manifold Assault         Tloc           0%         N/A       100%        5
 Metabolic Englaciation   Hex/Ice        0%         N/A       100%        5
 Yara's Violent Unravell  Hex/Tmut       0%         3d3       100%        5
 Conjure Ball Lightning   Conj/Air       0%         3x3d6     100%        6
 Death Channel            Necr           0%         N/A       100%        6
 Eringya's Noxious Bog    Tmut/Pois      0%         N/A       100%        6
 Iron Shot                Conj/Erth      0%         9d1       100%        6
 Simulacrum               Ice/Necr       0%         N/A       100%        6
 Starburst                Conj/Fire      0%         6d3       100%        6
 Summon Cactus Giant      Summ           0%         N/A       100%        6
 Dragon Form              Tmut           0%         N/A       100%        7
 Enfeeble                 Hex            0%         N/A       100%        7
 Haunt                    Necr/Summ      0%         N/A       100%        7
 Malign Gateway           Summ/Tloc      0%         N/A       100%        7
 Monstrous Menagerie      Summ           0%         N/A       100%        7
 Orb of Destruction       Conj           0%         9d5       100%        7
 Ozocubu's Refrigeration  Ice            0%         4d5       100%        7
 Spellforged Servitor     Conj/Summ      0%         N/A       100%        7
 Storm Form               Tmut/Air       0%         N/A       100%        7
 Summon Hydra             Summ           0%         N/A       100%        7
 Borgnjor's Revivificati  Necr           0%         N/A       100%        8
 Discord                  Hex            0%         N/A       100%        8
 Disjunction              Tloc           0%         N/A       100%        8
 Ignition                 Fire           0%         3d3       100%        8
 Infestation              Necr           0%         N/A       100%        8
 Maxwell's Capacitive Co  Air            0%         ∞         100%        8
 Necromutation            Tmut/Necr      0%         N/A       100%        8
 Chain Lightning          Conj/Air       0%         N/A       100%        9
 Death's Door             Necr           0%         N/A       100%        9
 Dragon's Call            Summ           0%         N/A       100%        9
 Fire Storm               Conj/Fire      0%         5d1       100%        9
 Sublimation of Blood     Necr           Unusable   N/A       N/A         2
 Statue Form              Tmut/Erth      Unusable   N/A       N/A         6

Dungeon Overview and Level Annotations

Branches:
Dungeon (15/15)            Temple (0/1) D:5            Lair (6/6) D:10
  Swamp (4/4) Lair:2       Spider (4/4) Lair:4        Slime (0/5) Lair:6
    Orc (2/2) D:11            Elf (3/3) Orc:2        Vaults (5/5) D:13
  Crypt (0/3) Vaults:2     Depths (4/4) D:15        Ossuary (visited)
Gauntlet (visited)
    Zot: Depths:4

Altars:
Ashenzari
Gozag
Hepliaklqana
Kikubaaqudgha
Nemelex Xobeh
Qazlal
Ru
Yredelemnul
Beogh
Jiyva
Lugonu

Shops:
D:1 =[?   D:7 *   D:11 (   D:12 *   Orc:2 ((:(   Elf:1 ([*((   Elf:2 *
Lair:5 ([   Swamp:1 *   Vaults:2 [   Depths:3 ==:

Portals:
Hell: Depths:1 Depths:2 Depths:3
Abyss: Lair:6 Swamp:3 Depths:3
Pandemonium: Depths:1 Depths:2
Ziggurat: Depths:4

Annotations:
D:8 3 runed translucent doors, Shaidar's ghost, novice MiBe
Lair:2 3 runed translucent doors, Bock's ghost, journeyman SpEn
Lair:6 1 runed translucent door
Swamp:3 2 transporters, Badeiliu's ghost, adept DrGl
Spider:2 Roxanne
Orc:1 2 runed translucent doors, sevenfields's ghost, journeyman GnWr
Elf:2 3 runed translucent doors
Depths:2 3 runed translucent doors, Bimpoozu's ghost, veteran SpEn
Depths:4 Vv


Innate Abilities, Weirdness & Mutations

You are immune to sickness and miasma.
Your stone body is resilient. (AC +18)
You are immune to poison.
Your large and strong wings let you fly.
You resist negative energy. (rN+)
You are resistant to electric shocks. (rElec)
You are resistant to unholy torment.
You are immune to petrification.
You have a pair of small horns on your head.
Armour fits poorly on your strangely shaped body.
You are robust. (+10% HP)
You have hidden genetic defects.


Message History

You slice Vv!!
Vv is moderately damaged.
You closely miss Vv.
Vv is moderately damaged.
Vv hits you but does no damage. Vv hits you!
You are engulfed in flames!!
You closely miss Vv. You headbutt Vv, but do no damage.
Vv is moderately damaged.
You barely miss Vv. You headbutt Vv!
Vv is heavily damaged.
You block Vv's attack. Vv hits you.
You are engulfed in flames!!!
You hit Vv but do no damage. Your headbutt misses Vv.
Vv is heavily damaged.
You hit Vv but do no damage.
Vv is heavily damaged.
Vv hits you! Vv freezes you!! You resist. You block Vv's attack.
You slice Vv!!
Vv is heavily damaged.
You barely miss Vv.
Vv is heavily damaged.
Vv hits you but does no damage. You block Vv's attack.
You slice Vv!!
Vv is heavily damaged.
You hit Vv. You headbutt Vv, but do no damage.
Vv is severely damaged.
Vv hits you but does no damage. Vv hits you.
You are engulfed in flames!!
* * * LOW HITPOINT WARNING * * *
You slash Vv!
Vv is severely damaged.
Vv hits you but does no damage. x2
You slice Vv!!
Vv is severely damaged.
You hit Vv but do no damage. You headbutt Vv, but do no damage.
Vv is severely damaged.
Vv hits you!
* * * LOW HITPOINT WARNING * * *
Vv freezes you! You resist.
* * * LOW HITPOINT WARNING * * *
Vv hits you!
You die...
Your body crumbles into a pile of gold.

................#
................#
#..................
#.......(..........
##.................
#.................. ##.
##..#.............#.
#..##..###..##.=@9.....#
......##.##.............
.....##.∩.##............
......##.##.........#...
....^..###....#.#.......
.....#..#..#####...#....
..........## #.###...
..#..#....# ## ...
..........#


You could see Vv.

Vanquished Creatures
  An ancient lich (Vaults:5)
  2 golden dragons
  A profane servitor (Abyss:2)
  Arachne (Spider:2)
  4 tentacled monstrosities
  A lich (Depths:3)
  Rupert (Spider:1)
  Asterion (Spider:1)
  A quicksilver dragon (Depths:3)
  A deep elf blademaster (Elf:2)
  2 deep elf master archers (Elf:3)
  4 titans
  6 tentacled starspawn
  6 sphinxes
  3 thorn hunters (Swamp:4)
  2 storm dragons (Vaults:5)
  The ghost of leebro123 the Imperceptible, an adept SpEn of Jiyva (Vaults:2)
  5 tengu reavers
  Donald (Spider:1)
  5 shadow dragons
  6 fire giants
  15 vault wardens
  A fenstrider witch (Swamp:1)
  8 emperor scorpions
  2 ghost moths (Spider:2)
  16 deep elf sorcerers
  9 frost giants
  A balrug (Depths:3)
  An iron dragon (Vaults:5)
  5 orc warlords
  A broodmother (Spider:1)
  2 spriggan defenders (Depths:2)
  4 deep elf elementalists
  17 ironbound preservers
  3 spectral caustic shrikes (Depths:3)
  A caustic shrike zombie (Depths:1)
  37 very ugly things
  A juggernaut skeleton (Depths:2)
  15 stone giants
  A quicksilver ooze (shapeshifter) (Vaults:5)
  3 war gargoyles
  8 ironbound thunderhulks
  8 deep elf demonologists
  An eleionoma (shapeshifter) (Vaults:4)
  4 eleionomae
  Nessos (D:15)
  3 bunyips
  6 entropy weavers
  A minotaur (Gauntlet)
  7 dire elephants
  7 spark wasps
  4 deep elf annihilators
  2 green deaths
  7 ettins
  3 jiangshi (Depths:1)
  An ettin (shapeshifter) (Vaults:4)
  A merfolk javelineer (Depths:1)
  10 yaktaur captains
  5 fire dragons
  3 deep elf death magi
  4 rakshasas
  5 deep elf high priests
  5 ice dragons
  31 vault guards
  A spriggan zombie (Abyss:2)
  7 great orbs of eyes
  A caustic shrike simulacrum (Depths:2)
  A hell beast (Depths:1)
  2 shambling mangroves
  A radroach (Spider:4)
  17 hydras
  A catoblepas (Gauntlet)
  A peacekeeper (Vaults:4)
  A spriggan air mage (Depths:1)
  2 jorogumos (Spider:4)
  5 boulder beetles
  An ogre mage (Vaults:5)
  13 centaur warriors
  11 ironbound frosthearts
  11 alligators
  2 tengu warriors
  4 two-headed ogres
  9 deep troll shamans
  A radroach (shapeshifter) (Vaults:5)
  5 death yaks
  8 deep troll earth magi
  A titan zombie (Depths:2)
  2 vampire magi
  5 orc high priests
  12 thrashing horrors
  A spriggan berserker (Depths:1)
  A spatial maelstrom (Abyss:3)
  12 deep elf knights
  10 skeletal warriors (D:14)
  4 pharaoh ants
  3 sixfirhies
  7 iron trolls
  7 wretched stars
  A death drake (shapeshifter) (Depths:3)
  65 deep trolls
  A sun moth (Spider:2)
  7 goliath frogs
  2 sea snakes (Elf:2)
  4 steelbarb worms
  A spriggan druid (Swamp:2)
  3 death drakes
  4 glowing orange brains
  7 deep elf archers
  23 ironbound convokers
  5 wizards
  An anaconda skeleton (Abyss:3)
  7 bog bodies
  A spriggan simulacrum (Depths:2)
  8 orb spiders
  A glowing orange brain (shapeshifter) (Elf:2)
  14 swamp dragons (Swamp:4)
  4 phantasmal warriors
  5 necromancers
  14 orc knights
  18 deep elf pyromancers
  An iron dragon zombie (Depths:2)
  26 deep elf zephyrmancers
  10 lindwurms
  6 orc sorcerers (Orc:2)
  34 ugly things
  14 wolf spiders
  2 frost giant zombies (Depths:1)
  A spectral deep troll (Depths:3)
  3 worldbinders (Abyss:3)
  2 salamanders (Depths:1)
  A wolf spider (shapeshifter) (D:15)
  9 cyclopes
  6 manticores
  3 will-o-the-wisps
  An apocalypse crab (Abyss:3)
  17 vault sentinels
  6 elephants
  An elephant (shapeshifter) (Vaults:4)
  A water nymph (shapeshifter) (D:13)
  Joseph (D:8)
  A moth of wrath (Spider:4)
  A molten gargoyle (Gauntlet)
  4 black mambas
  A frost giant skeleton (Vaults:1)
  2 smoke demons
  An eye of devastation (Abyss:3)
  6 torpor snails
  2 gargoyles (Gauntlet)
  An orange demon (Depths:1)
  A cane toad (shapeshifter) (Lair:6)
  9 cane toads
  An unseen horror (shapeshifter) (D:13)
  5 demonic crawlers
  7 komodo dragons
  3 rime drakes (Lair:5)
  An efreet (Abyss:3)
  4 ice devils
  3 freezing wraiths
  A tormentor (Depths:3)
  25 yaktaurs
  7 ancient zymes
  4 tengu conjurers
  A harpy zombie (Abyss:2)
  A red devil (Depths:2)
  A queen bee (Lair:3)
  3 meliai (Spider:4)
  9 trolls
  13 hornets
  22 blink frogs
  25 tarantellas
  A troll (shapeshifter) (Abyss:3)
  8 tyrant leeches
  A dream sheep (shapeshifter) (Elf:2)
  36 slime creatures
  4 raiju (Abyss:3)
  15 dream sheep (Lair:5)
  16 jumping spiders
  2 shadows
  6 water elementals
  Sigmund (D:6)
  4 air elementals
  A snapping turtle (shapeshifter) (Depths:3)
  18 culicivoras
  10 spriggans
  5 ynoxinuls
  18 basilisks
  15 wyverns
  A fire elemental (Elf:3)
  59 yaks
  A fire bat (Abyss:2)
  2 chaos spawn
  A redback (shapeshifter) (Vaults:4)
  3 neqoxecs
  10 vampire mosquitoes
  2 steam dragons
  53 redbacks
  A spatial vortex (Abyss:3)
  13 swamp worms
  2 wargs (Orc:2)
  An acid dragon (D:9)
  17 water moccasins
  2 hell hounds (Lair:5)
  35 orc warriors
  5 black bears
  10 swamp drakes
  3 sky beasts
  17 large abominations
  2 ice beasts
  2 ogre skeletons (Vaults:1)
  18 small abominations
  8 wolves
  8 boggarts
  11 ogres
  19 centaurs
  A phantom (D:4)
  2 kobold brigands (D:7)
  2 gnoll sergeants (D:9)
  A necrophage (D:7)
  9 bullfrogs
  3 scorpions (D:5)
  14 wights
  A jelly (D:6)
  34 killer bees
  6 howler monkeys
  5 electric eels
  A hound (D:6)
  A quasit (Abyss:3)
  8 starcursed masses (Abyss:2)
  A gnoll shaman (D:10)
  28 orc priests
  An iron imp (Abyss:3)
  3 iguanas
  18 orc wizards
  4 hell rats (Lair:5)
  11 mummies (Ossuary)
  5 gnolls
  7 adders
  A shadow imp (D:6)
  7 white imps
  An ufetubus (D:5)
  2 worms
  2 dart slugs
  99 orcs
  7 bats
  6 endoplasms
  4 giant cockroaches
  8 goblins
  8 hobgoblins
  4 jackals
  5 quokkas
  5 ball pythons
  3 frilled lizards
  2 gnoll skeletons (Ossuary)
  A goblin skeleton (Ossuary)
  17 kobolds
  2 kobold skeletons (Ossuary)
  3 orc skeletons (Ossuary)
  6 rats
  11 rat skeletons (Ossuary)
  11 briar patches (Swamp:4)
  4 starspawn tentacles
1853 creatures vanquished.

Vanquished Creatures (others)
  A lich (Depths:1)
  A fire giant (Depths:2)
  22 dancing weapons
  3 deep elf knights (Elf:2)
  2 bloated husks
  A troll (D:9)
  A boggart (Vaults:3)
  2 orcs
  3 bushes (D:10)
  10 foxfires
  51 fungi
  76 plants
  18 starspawn tentacles
191 creatures vanquished.

Grand Total: 2044 creatures vanquished

Notes
Turn   | Place    | Note
-------+----------+-------------------------------------------
     0 | D:1      | Jortsu the Gargoyle Fighter began the quest for the Orb.
     0 | D:1      | Reached XP level 1. HP: 14/14 MP: 1/1
   441 | D:1      | Found Gannaqi's Antique Armour Emporium.
   446 | D:1      | Reached XP level 2. HP: 19/19 MP: 2/2
   473 | D:1      | Found Rosy's Magic Scroll Shoppe.
   737 | D:1      | Found a faded altar of an unknown god.
   744 | D:1      | Prayed at the altar of an unknown god.
   744 | D:1      | Became a worshipper of Gozag Ym Sagoz the Greedy
  1087 | D:1      | Found Seuxkeni's Jewellery Emporium.
  1095 | D:1      | Reached XP level 3. HP: 23/23 MP: 3/3
  1859 | D:2      | Reached XP level 4. HP: 28/29 MP: 4/4
  2684 | D:3      | Found an opulent altar of Gozag.
  3095 | D:3      | Reached XP level 5. HP: 32/33 MP: 5/5
  3160 | D:3      | Gained mutation: Your muscles are strong. (Str +2) [potion
                  | of mutation]
  3477 | D:4      | Identified the +0 leather armour of the Ward {Int+4}
  4044 | D:5      | Entered Level 5 of the Dungeon
  4044 | D:5      | Noticed a phantom
  4058 | D:4      | Killed a phantom
  4059 | D:4      | Reached skill level 1 in Stealth
  4065 | D:5      | Reached XP level 6. HP: 38/38 MP: 6/6
  4232 | D:5      | Noticed an ice beast
  4243 | D:5      | Killed an ice beast
  4304 | D:5      | Found a staircase to the Ecumenical Temple.
  4311 | D:5      | Reached skill level 5 in Maces & Flails
  4311 | D:5      | Reached XP level 7. HP: 12/44 MP: 7/7
  4898 | D:5      | Reached skill level 5 in Armour
  4898 | D:5      | Reached skill level 1 in Dodging
  5278 | D:6      | Identified the +0 robe of Divine Compulsion {rC- Int+6}
  5294 | D:6      | Noticed a steam dragon
  5306 | D:6      | Killed a steam dragon
  5307 | D:6      | Reached skill level 5 in Fighting
  5307 | D:6      | Reached XP level 8. HP: 26/49 MP: 8/8
  5518 | D:6      | Noticed Sigmund
  5525 | D:6      | Killed Sigmund
  5546 | D:6      | HP: 2/51 [scorpion (5)]
  6074 | D:6      | Reached XP level 9. HP: 44/55 MP: 9/9
  6505 | D:7      | Reached skill level 5 in Shields
  7552 | D:8      | Found a runed translucent gate.
  7552 | D:8      | Found a runed translucent gate.
  7552 | D:8      | Found a runed translucent gate.
  7554 | D:8      | Found an opulent altar of Gozag.
  7554 | D:8      | Noticed a manticore
  7556 | D:8      | Noticed a meliai
  7556 | D:8      | Noticed Shaidar's ghost (novice MiBe)
  7556 | D:8      | Noticed a freezing wraith
  7611 | D:8      | Found a sand-covered staircase.
  7616 | D:8      | Noticed Joseph
  7634 | D:8      | Killed Joseph
  7740 | Ossuary  | Entered an ossuary
  8038 | Ossuary  | Reached XP level 10. HP: 63/63 MP: 10/10
  8323 | D:8      | Reached skill level 10 in Maces & Flails
 10513 | D:9      | Found a broken altar of Ashenzari.
 10553 | D:10     | Entered Level 10 of the Dungeon
 10901 | D:10     | Reached XP level 11. HP: 55/69 MP: 8/11
 11130 | D:10     | Found a staircase to the Lair.
 11832 | D:10     | Noticed a two-headed ogre
 11837 | D:10     | Killed a two-headed ogre
 12060 | D:11     | Noticed a seven-headed hydra
 12070 | D:11     | Killed a seven-headed hydra
 12540 | D:11     | Identified the +6 war axe of Hiurhes {speed, rN+ Str+4}
 12576 | D:11     | Noticed a six-headed hydra
 12589 | D:11     | Killed an 11-headed hydra
 12818 | D:11     | Found a staircase to the Orcish Mines.
 12918 | D:11     | Noticed a six-headed hydra
 12929 | D:11     | Killed a six-headed hydra
 13388 | D:12     | Noticed a boulder beetle
 13418 | D:12     | Killed a boulder beetle
 13605 | D:12     | Noticed a two-headed ogre
 13615 | D:12     | Killed a two-headed ogre
 13616 | D:12     | Reached XP level 12. HP: 64/77 MP: 9/12
 13701 | D:12     | Reached skill level 10 in Armour
 14081 | D:12     | Reached skill level 10 in Fighting
 14366 | D:12     | Found a stormy altar of Qazlal.
 14572 | Lair:1   | Entered Level 1 of the Lair of Beasts
 15698 | Lair:1   | Reached skill level 1 in Axes
 15884 | Lair:2   | Noticed a four-headed hydra
 15905 | Lair:2   | Killed a four-headed hydra
 16513 | Lair:2   | Found a sacrificial altar of Ru.
 16523 | Lair:2   | Found a runed translucent gate.
 16524 | Lair:2   | Found a runed translucent gate.
 16526 | Lair:2   | Found a runed translucent gate.
 16528 | Lair:2   | Noticed Bock's ghost (journeyman SpEn)
 16558 | Lair:2   | Found a staircase to the Swamp.
 17349 | Lair:3   | Found a gate leading to a gauntlet.
 17358 | Gauntlet | Entered a Gauntlet
 17358 | Gauntlet | Found a runed translucent door.
 17358 | Gauntlet | Found a transporter.
 17358 | Gauntlet | Found a runed translucent door.
 17358 | Gauntlet | Found a transporter.
 17360 | Gauntlet | Found a transporter.
 17361 | Gauntlet | Found a transporter.
 17363 | Gauntlet | Found a transporter.
 17396 | Gauntlet | Found a transporter.
 17396 | Gauntlet | Found a transporter.
 17397 | Gauntlet | Found a transporter.
 17398 | Gauntlet | Noticed a catoblepas
 17414 | Gauntlet | Found a transporter.
 17419 | Gauntlet | Found a runed translucent door.
 17425 | Gauntlet | Found a runed translucent gate.
 17426 | Gauntlet | Found a transporter.
 17426 | Gauntlet | Found a runed translucent gate.
 17427 | Gauntlet | Found a runed translucent gate.
 17436 | Gauntlet | Found a transporter.
 17451 | Gauntlet | Noticed a reaper
 17454 | Gauntlet | Found a transporter.
 17471 | Gauntlet | Found a transporter.
 17483 | Gauntlet | Found a transporter.
 17536 | Gauntlet | Reached skill level 5 in Axes
 17547 | Gauntlet | Identified the +8 hand crossbow "Axkaf" {venom, rPois rC+
                  | Str-3}
 17713 | Gauntlet | Killed a catoblepas
 17737 | Gauntlet | Reached XP level 13. HP: 32/83 MP: 3/13
 17990 | Gauntlet | Identified the ring "Vain" {rC- rN+ Str+3 Int+3 Stlth+}
 17997 | Gauntlet | Noticed a minotaur
 18010 | Gauntlet | Killed a minotaur
 18061 | Gauntlet | Identified the amulet "Kocras" {Faith rF- Int+7 Dex+3}
 19319 | Lair:4   | Found a hole to the Spider Nest.
 19336 | Lair:4   | Reached skill level 10 in Shields
 19891 | Lair:4   | Found a runed translucent door.
 20414 | Lair:5   | You fall into a shaft and drop 1 floor!
 20414 | Lair:6   | Entered Level 6 of the Lair of Beasts
 20452 | Lair:5   | Gained mutation: Your large and strong wings let you fly.
                  | [Gargoyle growth]
 20452 | Lair:5   | Reached XP level 14. HP: 82/90 MP: 4/14
 21327 | Lair:5   | Identified the +5 hunting sling of Baydweyt {freeze, Fly
                  | Will+ Int+3}
 21978 | Lair:6   | Noticed a dire elephant
 22006 | Lair:6   | Killed a dire elephant
 22826 | Lair:6   | Found a runed translucent door.
 22826 | Lair:6   | Found a viscous altar of Jiyva.
 22827 | Lair:6   | Found a staircase to the Slime Pits.
 23440 | Lair:6   | Reached skill level 10 in Axes
 23610 | Lair:6   | Reached XP level 15. HP: 59/97 MP: 8/15
 23923 | Lair:6   | Found a corrupted altar of Lugonu.
 23923 | Lair:6   | Found a one-way gate to the infinite horrors of the Abyss.
 23928 | Lair:6   | Identified the amulet of Miylomai {Acrobat rF- Dex+2
                  | Slay+6}
 24379 | Orc:1    | Entered Level 1 of the Orcish Mines
 24469 | Orc:1    | Found a large runed translucent door.
 24469 | Orc:1    | Found a large runed translucent door.
 24470 | Orc:1    | Noticed sevenfields's ghost (journeyman GnWr)
 24897 | Orc:2    | Entered Level 2 of the Orcish Mines
 25158 | Orc:2    | Paralysed by an orc sorcerer for 2 turns
 25441 | Orc:2    | Found a staircase to the Elven Halls.
 25792 | Orc:2    | Paralysed by an orc sorcerer for 6 turns
 25886 | Orc:2    | Found Luocydeu's Book Shop.
 25908 | Orc:2    | Found Areurah's Antique Weapon Boutique.
 26266 | Orc:2    | Noticed an orc warlord
 26302 | Orc:2    | Killed an orc warlord
 26925 | Orc:2    | Found Herch's Antique Weapon Boutique.
 27017 | Orc:2    | Found Esutrawk's Weapon Shoppe.
 27378 | Orc:2    | Gained mutation: You have hidden genetic defects. [a
                  | neqoxec]
 27835 | D:12     | Bought a scroll of teleportation for 126 gold pieces
 28446 | D:13     | Gained mutation: You sometimes lose the ability to read
                  | scrolls when taking damage. [hidden defects]
 28453 | D:13     | Lost mutation: Your muscles are strong. (Str +2) [potion of
                  | mutation]
 28453 | D:13     | Lost mutation: You sometimes lose the ability to read
                  | scrolls when taking damage. [potion of mutation]
 28453 | D:13     | Lost mutation: You have hidden genetic defects. [potion of
                  | mutation]
 28453 | D:13     | Gained mutation: You have sharp toenails. [potion of
                  | mutation]
 28453 | D:13     | Gained mutation: Your flesh is heat resistant. (rF+)
                  | [potion of mutation]
 28453 | D:13     | Gained mutation: You are dopey. (Int -2) [potion of
                  | mutation]
 28911 | D:13     | Found a gate to the Vaults.
 29176 | D:14     | Found a sparkling altar of Nemelex Xobeh.
 29695 | D:14     | Reached skill level 5 in Stealth
 29952 | D:14     | Reached XP level 16. HP: 104/104 MP: 16/16
 30018 | D:15     | Entered Level 15 of the Dungeon
 30614 | D:15     | Noticed Nessos
 30685 | D:15     | Killed Nessos
 31161 | D:15     | Found a staircase to the Depths.
 31693 | Swamp:1  | Entered Level 1 of the Swamp
 31863 | Swamp:1  | Noticed a fenstrider witch
 31866 | Swamp:1  | Paralysed by a fenstrider witch for 5 turns
 31873 | Swamp:1  | Killed a fenstrider witch
 32974 | Swamp:1  | Bought a scroll of teleportation for 93 gold pieces
 34380 | Swamp:3  | Found a transporter.
 34382 | Swamp:3  | Noticed a tentacled starspawn
 34424 | Swamp:3  | Found a transporter.
 34425 | Swamp:3  | Noticed Badeiliu's ghost (adept DrGl)
 34436 | Swamp:3  | Noticed a tentacled monstrosity
 34849 | Swamp:4  | Entered Level 4 of the Swamp
 35275 | Swamp:4  | Reached XP level 17. HP: 85/111 MP: 17/17
 36756 | Swamp:4  | Got a decaying rune of Zot
 36950 | Spider:1 | Entered Level 1 of the Spider Nest
 37543 | Spider:1 | Reached skill level 15 in Axes
 37638 | Spider:1 | Noticed Rupert
 37658 | Spider:1 | Killed Rupert
 37659 | Spider:1 | Reached skill level 15 in Shields
 37823 | Spider:1 | Noticed Donald
 37843 | Spider:1 | Killed Donald
 37937 | Spider:1 | Noticed Asterion
 37954 | Spider:1 | Killed Asterion
 38860 | Spider:2 | Reached skill level 15 in Fighting
 38870 | Spider:2 | Noticed Arachne
 38898 | Spider:2 | Killed Arachne
 39420 | Spider:2 | Noticed Roxanne
 40366 | Spider:2 | Reached XP level 18. HP: 79/119 MP: 18/18
 41451 | Spider:4 | Entered Level 4 of the Spider Nest
 41871 | Spider:4 | Identified the +8 trident "Uciorot" {flame, Int+2}
 43201 | Spider:4 | Got a gossamer rune of Zot
 43792 | Elf:1    | Entered Level 1 of the Elven Halls
 43817 | Elf:1    | Found Quurevud's Assorted Antiques.
 43870 | Elf:1    | Noticed a Tzitzimitl
 43875 | Elf:1    | Paralysed by an air elemental for 1 turns
 43876 | Elf:1    | Noticed an Ice Fiend
 43882 | Elf:1    | Paralysed by an air elemental for 1 turns
 43888 | Elf:1    | Paralysed by an air elemental for 1 turns
 43890 | Elf:1    | Found Hoipushre's Weapon Shop.
 44131 | Elf:1    | Found Xuwisa's Armour Shop.
 44583 | Elf:1    | Got Bubby's Grimoire of Creation
 44719 | Elf:1    | Found Uzxeduc's Antique Weapon Boutique.
 45005 | Elf:1    | Paralysed by an air elemental for 1 turns
 45571 | Elf:1    | Found Zalimorr's Weapon Emporium.
 45574 | Elf:1    | Bought the +6 arbalest "Damnation" {damnation} for 880 gold
                  | pieces
 45574 | Elf:1    | Found the +6 arbalest "Damnation" {damnation}
 45653 | Elf:2    | Found an ancient bone altar of Kikubaaqudgha.
 45665 | Elf:2    | Reached skill level 15 in Armour
 46455 | Elf:2    | Found Adoc's Assorted Antiques.
 46718 | Elf:2    | Paralysed by an air elemental for 1 turns
 46722 | Elf:2    | Reached XP level 19. HP: 99/125 MP: 19/19
 47247 | Elf:2    | Got Bohooj Tusu's Papyrus of Venom
 47446 | Elf:2    | Found a runed translucent gate.
 47447 | Elf:2    | Found a runed translucent gate.
 47447 | Elf:2    | Found a runed translucent gate.
 47723 | Elf:3    | Entered Level 3 of the Elven Halls
 48229 | Elf:3    | Cast into level 3 of the Abyss (a deep elf sorcerer)
 48646 | Elf:3    | Escaped the Abyss
 49091 | Elf:3    | Cast into level 3 of the Abyss (a deep elf sorcerer)
 49376 | Abyss:3  | Gained mutation: Your spells are a little easier to cast,
                  | but a little less powerful. [a neqoxec]
 49377 | Abyss:3  | Gained mutation: You sometimes lose the ability to read
                  | scrolls when taking damage. [a neqoxec]
 49399 | Abyss:3  | Gained mutation: Your spells are easier to cast, but less
                  | powerful. [a neqoxec]
 49406 | Elf:3    | Escaped the Abyss
 49695 | Elf:2    | Lost mutation: Your spells are easier to cast, but less
                  | powerful. [potion of mutation]
 49695 | Elf:2    | Lost mutation: You have sharp toenails. [potion of
                  | mutation]
 49695 | Elf:2    | Lost mutation: Your flesh is heat resistant. (rF+) [potion
                  | of mutation]
 49695 | Elf:2    | Lost mutation: Your spells are a little easier to cast, but
                  | a little less powerful. [potion of mutation]
 49695 | Elf:2    | Gained mutation: You have a pair of small horns on your
                  | head. [potion of mutation]
 49696 | Elf:2    | Lost mutation: You have a pair of small horns on your head.
                  | [potion of mutation]
 49696 | Elf:2    | Lost mutation: You sometimes lose the ability to read
                  | scrolls when taking damage. [potion of mutation]
 49696 | Elf:2    | Gained mutation: You have large cloven feet. [potion of
                  | mutation]
 49696 | Elf:2    | Gained mutation: Your magical capacity is low. (-10% MP)
                  | [potion of mutation]
 49696 | Elf:2    | Gained mutation: Your muscles are strong. (Str +2) [potion
                  | of mutation]
 50168 | Elf:3    | Found a runed translucent door.
 51260 | Elf:3    | Gained mutation: Your magical capacity is very low. (-20%
                  | MP) [a neqoxec]
 51429 | Elf:3    | Cast into level 2 of the Abyss (a deep elf demonologist)
 51431 | Abyss:2  | Found a corrupted altar of Lugonu.
 51504 | Elf:3    | Escaped the Abyss
 51635 | Elf:3    | Identified the ring "Boprel" {rN+ Str-5 Dex+5 SInv}
 51915 | Elf:3    | Noticed a Brimstone Fiend
 51924 | Elf:3    | Reached skill level 1 in Evocations
 52005 | Elf:3    | Cast into level 2 of the Abyss (deep elf death mage)
 52059 | Abyss:2  | Paralysed by accursed screaming for 1 turns
 52777 | Abyss:2  | Found a corrupted altar of Lugonu.
 52884 | Abyss:2  | Gained mutation: Potions are less effective at restoring
                  | your health. [a neqoxec]
 52891 | Abyss:2  | Lost mutation: You have large cloven feet. [potion of
                  | mutation]
 52891 | Abyss:2  | Lost mutation: Potions are less effective at restoring your
                  | health. [potion of mutation]
 52891 | Abyss:2  | Lost mutation: Your magical capacity is very low. (-20% MP)
                  | [potion of mutation]
 52891 | Abyss:2  | Gained mutation: You are agile. (Dex +2) [potion of
                  | mutation]
 53015 | Elf:3    | Escaped the Abyss
 53596 | Elf:3    | Got Wito's Catalogue of Attacks
 53599 | Elf:3    | Got Ughuel's Volume of Lightness
 53603 | Elf:3    | Got Seorph's Grimoire of Damaging Sinister Secrets
 53611 | Elf:3    | Got the Grimoire of Companions
 54505 | Vaults:1 | Entered Level 1 of the Vaults
 54514 | Vaults:1 | Found a crumbling gateway.
 54662 | Vaults:1 | Reached XP level 20. HP: 71/134 MP: 18/18
 56557 | Vaults:2 | Found Dotungy's Armour Boutique.
 58422 | Vaults:2 | Found a staircase to the Crypt.
 58422 | Vaults:2 | Found a basalt altar of Yredelemnul.
 58423 | Vaults:2 | Found an ancient bone altar of Kikubaaqudgha.
 58972 | Vaults:2 | Found a transporter.
 58977 | Vaults:2 | Found a transporter.
 58977 | Vaults:2 | Noticed leebro123's ghost (adept SpEn)
 59059 | Vaults:2 | Killed leebro123's ghost
 59082 | Vaults:2 | Identified the +2 helmet of Lucidity {rC+ Will+}
 59099 | Vaults:2 | Identified the +11 spear of the Lettuce {venom, Dex+5}
 59715 | Vaults:3 | Reached XP level 21. HP: 124/142 MP: 18/18
 63577 | Vaults:4 | Identified the -7 kite shield "Zeog" {Stlth+}
 63598 | Vaults:4 | Noticed a golden dragon
 63610 | Vaults:4 | Killed a golden dragon
 63611 | Vaults:4 | Reached XP level 22. HP: 103/152 MP: 19/19
 63896 | Vaults:5 | Entered Level 5 of the Vaults
 65523 | Vaults:5 | Cast into level 2 of the Abyss (a deep elf sorcerer)
 65532 | Abyss:2  | Noticed a profane servitor
 65555 | Abyss:2  | Killed a profane servitor
 65583 | Vaults:5 | Escaped the Abyss
 65846 | Vaults:5 | Identified the +3 cloak of the Game of Life {Str+2 Int+4}
 66260 | Vaults:5 | Identified the ring "Viapsoss" {Fly rPois rC+ Slay-6
                  | Stlth+}
 66313 | Vaults:5 | Identified the +0 hunting sling "Vonushr Yheam" {vorpal,
                  | rC+ Int+2}
 66490 | Vaults:5 | Identified the ring of Yfat {Wiz rF+}
 66496 | Vaults:5 | Identified the +6 hand axe of the Sun {vorpal, rPois Will-
                  | rCorr Stlth+}
 66646 | Vaults:5 | Noticed an ancient lich
 66674 | Vaults:5 | Killed an ancient lich
 67203 | Vaults:5 | Reached XP level 23. HP: 160/160 MP: 20/20
 67305 | Vaults:5 | Identified the +3 shortbow "Izorrush" {flame, Dex+3}
 67371 | Vaults:5 | Noticed a golden dragon
 67394 | Vaults:5 | Killed a golden dragon
 67554 | Vaults:5 | Got a silver rune of Zot
 67655 | Vaults:5 | Identified the +3 hunting sling of Tejuut {freeze, rF- rC+
                  | rN+ rCorr}
 68068 | Depths:1 | Entered Level 1 of the Depths
 68068 | Depths:1 | Found a gateway to Hell.
 69977 | Depths:1 | Found a one-way gate leading to the halls of Pandemonium.
 71626 | Depths:2 | Identified the +8 quarterstaff of the Pillar {elec, *Rage
                  | rF+++ Int+4}
 72248 | Depths:2 | Noticed Bimpoozu's ghost (veteran SpEn)
 72291 | Depths:2 | Found a runed translucent gate.
 72291 | Depths:2 | Found a runed translucent gate.
 72293 | Depths:2 | Found a runed translucent gate.
 73436 | Depths:3 | Found a transporter.
 73489 | Depths:3 | Reached XP level 24. HP: 150/168 MP: 20/20
 73701 | Depths:3 | Found Qeanuvue's Jewellery Emporium.
 73703 | Depths:3 | Found Tegeviunn's Book Boutique.
 73704 | Depths:3 | Found Follut's Jewellery Emporium.
 73713 | Depths:3 | Bought the ring of the Tarantula {rPois rC+ rN+} for 888
                  | gold pieces
 73885 | Depths:3 | Found a hazy altar of Hepliaklqana.
 74060 | Depths:3 | Found a transporter.
 74263 | Depths:3 | Identified the ring of the Albatross {rElec rC+ Str+9 Int+2
                  | Dex-3}
 74481 | Depths:3 | Gained mutation: You are partially covered in iridescent
                  | scales. (AC +2) [mutagenic glow]
 74503 | Depths:3 | Gained mutation: Armour fits poorly on your strangely
                  | shaped body. [mutagenic glow]
 74527 | Depths:3 | Gained mutation: You are occasionally teleported next to
                  | monsters. [mutagenic glow]
 74548 | Depths:3 | Identified the ring "Tepruaju" {rPois MP+9 Str+7 Dex-2
                  | Stlth-}
 74814 | Depths:3 | Lost mutation: You are partially covered in iridescent
                  | scales. (AC +2) [potion of mutation]
 74814 | Depths:3 | Lost mutation: Your magical capacity is low. (-10% MP)
                  | [potion of mutation]
 74814 | Depths:3 | Lost mutation: You are agile. (Dex +2) [potion of mutation]
 74814 | Depths:3 | Gained mutation: You are agile. (Dex +2) [potion of
                  | mutation]
 74814 | Depths:3 | Gained mutation: Your magical capacity is low. (-10% MP)
                  | [potion of mutation]
 74814 | Depths:3 | Gained mutation: You have sharp fingernails. [potion of
                  | mutation]
 74815 | Depths:3 | Lost mutation: Your magical capacity is low. (-10% MP)
                  | [potion of mutation]
 74815 | Depths:3 | Lost mutation: You have sharp fingernails. [potion of
                  | mutation]
 74815 | Depths:3 | Lost mutation: Your muscles are strong. (Str +2) [potion of
                  | mutation]
 74815 | Depths:3 | Gained mutation: You are partially covered in iridescent
                  | scales. (AC +2) [potion of mutation]
 74815 | Depths:3 | Gained mutation: Your flesh is cold resistant. (rC+)
                  | [potion of mutation]
 74816 | Depths:3 | Lost mutation: You are occasionally teleported next to
                  | monsters. [potion of mutation]
 74816 | Depths:3 | Lost mutation: Your flesh is cold resistant. (rC+) [potion
                  | of mutation]
 74816 | Depths:3 | Lost mutation: You are partially covered in iridescent
                  | scales. (AC +2) [potion of mutation]
 74816 | Depths:3 | Gained mutation: Your natural rate of healing is unusually
                  | fast. [potion of mutation]
 74817 | Depths:3 | Lost mutation: You are dopey. (Int -2) [potion of mutation]
 74817 | Depths:3 | Lost mutation: You are agile. (Dex +2) [potion of mutation]
 74817 | Depths:3 | Gained mutation: You have sharp fingernails. [potion of
                  | mutation]
 74817 | Depths:3 | Gained mutation: Your body sometimes deteriorates upon
                  | taking damage. [potion of mutation]
 74818 | Depths:3 | Lost mutation: Your body sometimes deteriorates upon taking
                  | damage. [potion of mutation]
 74818 | Depths:3 | Lost mutation: You have sharp fingernails. [potion of
                  | mutation]
 74818 | Depths:3 | Gained mutation: You are frail. (-10% HP) [potion of
                  | mutation]
 74818 | Depths:3 | Gained mutation: Your flesh is cold resistant. (rC+)
                  | [potion of mutation]
 74819 | Depths:3 | Lost mutation: Your natural rate of healing is unusually
                  | fast. [potion of mutation]
 74819 | Depths:3 | Lost mutation: Armour fits poorly on your strangely shaped
                  | body. [potion of mutation]
 74819 | Depths:3 | Lost mutation: Your flesh is cold resistant. (rC+) [potion
                  | of mutation]
 74819 | Depths:3 | Gained mutation: Armour fits poorly on your strangely
                  | shaped body. [potion of mutation]
 74819 | Depths:3 | Gained mutation: You have a somewhat thin skeletal
                  | structure. (Dex +2, Stealth+) [potion of mutation]
 74819 | Depths:3 | Gained mutation: You tend to lose your temper in combat.
                  | [potion of mutation]
 74819 | Depths:3 | Gained mutation: You have a pair of small horns on your
                  | head. [potion of mutation]
 74820 | Depths:3 | Lost mutation: You are frail. (-10% HP) [potion of
                  | mutation]
 74820 | Depths:3 | Lost mutation: You have a somewhat thin skeletal structure.
                  | (Dex +2, Stealth+) [potion of mutation]
 74820 | Depths:3 | Lost mutation: You tend to lose your temper in combat.
                  | [potion of mutation]
 74820 | Depths:3 | Gained mutation: You have hidden genetic defects. [potion
                  | of mutation]
 74820 | Depths:3 | Gained mutation: You are robust. (+10% HP) [potion of
                  | mutation]
 74926 | Depths:4 | Entered Level 4 of the Depths
 74930 | Depths:4 | Found a one-way gateway to a ziggurat.
 74942 | Depths:4 | Noticed Vv
 74968 | Depths:4 | HP: 2/185 [Vv (17)]
 74968 | Depths:4 | Mangled by Vv

Illustrated notes

Levels and vault maps discovered:
D:1:      minmay_arrival_split_and_join, layout_basic,
          shapermc_ecumenical_altar_gd, serial_shops, shop,
          nicolae_shop_overgrown_old_shop, nicolae_shop_advertising_works
          [nicolae_subvault_shop_adworks]
D:2:      layout_basic, minmay_misc_feat_tiny, minmay_statues_item,
          chequers_serial_rivers_room_b
D:3:      minmay_bubble_buster, layout_rooms, mainiacjoe_overflow_tiny_flanked
D:4:      layout_loops_corners, grunt_decor_one_mirror
D:5:      layout_basic, minmay_temple_entry_hall, minmay_misc_feat_cross
D:6:      layout_basic, st_stairs_10, uniq_sigmund
D:7:      layout_basic, corexii_corridor_pit
D:8:      layout_basic, nicolae_ossuary_entry_ruins, ebering_ghost_gozag,
          dk_vineyard_3, uniq_joseph
D:9:      minmay_angry_zag, layout_basic, marbit_many_paths,
          lemuel_flamethrower_2
D:10:     layout_roguey, minmay_lair_entry_grove
D:11:     layout_basic, orc_0_dummy, serial_park_tiny_1,
          minmay_misc_feat_rugged, palyth_stone_intersect
D:12:     layout_irregular_city, nicolae_qazlal_style_of_elements
D:13:     layout_cave_pods, david_vaults_4
D:14:     layout_cave_pools, nemelex_lonely_heart_becter,
          nicolae_elevator_lobby_asterisk
D:15:     gammafunk_enter_depths_forms, layout_loops_ring,
          small_statue_intersection, nicolae_benzene_ring, uniq_nessos
Lair:1:   layout_concentric_octagons
Lair:2:   layout_gridlike, minmay_swamp_entry_swarm, basic_altar,
          ebering_ghost_rock_garden, nicolae_lair_run_with_the_wolves,
          serial_bayou_shore_b
Lair:3:   layout_roguey [special_room_bee], gauntlet_entry_generic,
          grunt_megastairs_1
Lair:4:   layout_loops_ring, spider_nest_entry_funnel_web, pf_torpor_hydra,
          serial_bayou_shore_a
Lair:5:   layout_roguey [special_room_mythical_zoo]
Lair:6:   hellmonk_lair_end_abyssal_woods, layout_misc_corridors, slime_altar_2,
          minivault_26
Swamp:1:  layout_falls_marsh, serial_swamp_ruin, evilmike_swamp_ruin_house_3,
          evilmike_swamp_ruin_rubble_1, evilmike_swamp_ruin_house_6, swamp_pool2
Swamp:2:  layout_basic_swamp, hangedman_swamp_blocks
Swamp:3:  layout_basic_swamp, gammafunk_ghost_abyssal_escape,
          hangedman_swamp_diagram
Swamp:4:  swamp_basic_johnstein, layout_basic_swamp, swamp_pool4
Spider:1: layout_chambers, nicolae_spider_spiderdrome, uniq_rupert, uniq_donald,
          uniq_asterion
Spider:2: layout_spider_delve, hangedman_spider_mandibles, uniq_arachne,
          uniq_roxanne
Spider:3: cheibrodos_forgotten_conduit, spiders_nest_hornet_nest
Spider:4: grunt_spider_rune_circles
Orc:1:    layout_diamond_mine, ebering_ghost_disaster_area
Orc:2:    pubby_orc_utopia
Elf:1:    layout_geoelf_diagonals, serial_shops, shop,
          nicolae_shop_bloodbath_and_beyond, shop, nicolae_shop_hallway_stairs,
          nicolae_shop_waterfront, minmay_elf_demonology
Elf:2:    nicolae_elf_blades_crystal_corner, layout_gridlike, basic_altar,
          serial_shops, nicolae_shop_window_shopping,
          hangedman_research_toxicology
Elf:3:    minmay_elf_hall_x, layout_onion_city, minivault_13
Vaults:1: portal_desolation_entry_ruin, v_misc_5, v_misc_16,
          grunt_vaults_hallway_short, grunt_vaults_twisty, vaults_mumra_hexcomb,
          grunt_vaults_focal, v_alt_pattern_1, v_alt_pattern_6, v_misc_32,
          layout_vaults_big_room
Vaults:2: gammafunk_ghost_arena, minmay_crypt_entry_necro_gods, v_misc_25,
          vaults_dpeg_hooks, nicolae_vaults_border_crossing, v_misc_9,
          vaults_dpeg_ring, nicolae_vaults_little_squares_4,
          vaults_room_stairs_pillars, layout_vaults_omnigrid, serial_shops, shop
Vaults:3: ontoclasm_vaults_ring_large, nicolae_vaults_network_barrier,
          hangedman_vaults_locks, ontoclasm_vaults_tryst, v_misc_16,
          hangedman_vaults_hat, ontoclasm_vaults_bender,
          hangedman_vaults_slither, v_misc_9, ontoclasm_vaults_hangar,
          v_misc_11, layout_vaults_omnibox
Vaults:4: v_misc_22, nicolae_vaults_back_hallway, v_misc_2, v_misc_4, v_misc_14,
          nicolae_vaults_three_branches, ontoclasm_vaults_chip, st_eye,
          ontoclasm_vaults_pinch, dpeg_vaults_monster_row, v_misc_25,
          vaults_room_large_hall, ontoclasm_vaults_fault,
          nicolae_vaults_ring_of_whatevers, ontoclasm_vaults_loading_screen,
          nicolae_vaults_alarming, serial_ice_g, layout_vaults_omnicross
Vaults:5: serial_shops
Depths:1: layout_gridlike, rand_demon_pan_entry_7, hell_entry,
          solitary_fountain, drop_trap, st_stairs_1,
          serial_sigils_hangedman_writhe, kennysheep_dice
Depths:2: minmay_distorted_concentric_squares, layout_honeycomb, hell_entry,
          gammafunk_ghost_split, minmay_fountain_box, grunt_pan_entry_zigzag,
          infiniplex_staircase_split_hallway
Depths:3: gammafunk_its_a_trap, layout_gridlike, chequers_serial_rivers_small_3,
          abyss_entry_crystal, pf_hell_entry_tar_river,
          nicolae_hepliaklqana_monster_ancestors, infiniplex_staircase_squiggle,
          minmay_shop_grove
Depths:4: grunt_x_marks_the_spot, layout_cross, enter_ziggurat_f,
          lemuel_statue_altar, hellmouth_1, uniq_sojobo, uniq_vv

Skill      XL: |  1  2  3  4  5  6  7  8  9 10 11 12 13 14 15 16 17 18 19 20 21 22 23 |
---------------+----------------------------------------------------------------------+-----
Armour         | 4 5 6 7 8 9 10 11 12 13 14 15 16 17 18 | 18.3
Maces & Flails | 3 4 5 6 7 9 11 13 14 | 14.4
Fighting       | 4 5 6 7 8 9 10 11 12 13 14 15 16 17 18 19 21 22 | 22.3
Shields        | 4 5 6 7 8 10 11 12 14 15 16 18 19 20 21 22 | 22.9
Stealth        | 1 2 3 4 5 6 7 |  7.9
Dodging        | 1 2 |  2.8
Axes           | 5 7 10 12 14 15 16 17 18 19 20 | 20.5
Evocations     | 1 |  1.0

Action                   |  1- 3 |  4- 6 |  7- 9 | 10-12 | 13-15 | 16-18 | 19-21 | 22-24 || total
-------------------------+-------+-------+-------+-------+-------+-------+-------+-------++-------
Melee: Flail             |   100 |   160 |   361 |   514 |   391 |    37 |       |       ||  1563
       War axe           |       |       |       |   240 |  1064 |  1404 |  1813 |  1425 ||  5946
       Kick              |       |       |       |       |    50 |   590 |   253 |       ||   893
       Headbutt          |       |       |       |       |       |       |       |     7 ||     7
Invok: Call Merchant     |       |       |     1 |     1 |     3 |     1 |       |       ||     6
       Potion Petition   |       |       |       |       |     2 |     4 |     1 |     7 ||    14
Evoke: Tin of tremorston |       |       |       |       |     2 |       |       |       ||     2
       Wand              |       |       |       |       |       |     2 |       |       ||     2
       Lightning rod     |       |       |       |       |       |     1 |     2 |       ||     3
  Use: Scroll            |     5 |    12 |     2 |    13 |     7 |     6 |     5 |     7 ||    57
       Potion            |       |     1 |     1 |     4 |     3 |     4 |     5 |     9 ||    27
 Stab: Distracted        |       |     1 |       |     4 |    16 |    14 |    10 |    14 ||    59
       Invisible         |       |       |       |       |     1 |       |       |       ||     1
       Fleeing           |       |       |       |       |     1 |       |       |       ||     1
Armor: Scale mail        |    53 |    82 |       |       |       |       |       |       ||   135
       Plate armour      |       |    55 |   251 |   445 |   640 |   335 |       |       ||  1726
       Crystal plate arm |       |       |       |       |       |   531 |   658 |   624 ||  1813
       Skin              |       |       |       |       |       |     9 |       |       ||     9
Dodge: Dodged            |    55 |    96 |   184 |   371 |   365 |   424 |   377 |   253 ||  2125
       Repelled          |       |     1 |     2 |     2 |     1 |    18 |    13 |    11 ||    48
Block: Buckler           |    22 |    36 |    87 |   129 |       |       |       |       ||   274
       Tower shield      |       |       |       |   112 |  1071 |  1213 |  1131 |  1017 ||  4544

Table legend: (Time is in decaauts)
 A = Elapsed time spent in this place.
 B = Non-inter-level travel time spent in this place.
 C = Inter-level travel time spent in this place.
 D = Time resting spent in this place.
 E = Time spent auto-exploring this place.
 F = Levels seen in this place.
 G = Mean time per level.
                   A        B        C        D        E       F      G
               +--------+--------+--------+--------+--------+-----+--------+
         Total |  73012 |  70256 |   2756 |  20975 |  28669 |  50 | 1460.2 |
       Dungeon |  19355 |  18279 |   1076 |   4005 |  10438 |  15 | 1290.3 |
          Lair |   9251 |   8601 |    650 |   1592 |   4452 |   6 | 1541.8 |
         Swamp |   5079 |   4948 |    131 |   1750 |   2036 |   4 | 1269.8 |
   Spider Nest |   6361 |   6293 |     68 |   2350 |   2079 |   4 | 1590.2 |
  Orcish Mines |   3468 |   3234 |    234 |    618 |   1644 |   2 | 1734.0 |
   Elven Halls |   8528 |   8427 |    101 |   4031 |   1365 |   3 | 2842.7 |
        Vaults |  12656 |  12365 |    291 |   4375 |   4339 |   5 | 2531.2 |
        Depths |   5419 |   5216 |    203 |   1364 |   2194 |   4 | 1354.8 |
         Abyss |   1744 |   1744 |      0 |    485 |      9 |   5 |  348.8 |
       Ossuary |    459 |    459 |      0 |     89 |    112 |   1 |  459.0 |
      Gauntlet |    687 |    687 |      0 |    315 |      0 |   1 |  687.0 |
               +--------+--------+--------+--------+--------+-----+--------+

Top non-repeatable levels by time:
Vaults:4: 4224 daAuts
   Elf:2: 3874 daAuts
   Orc:2: 2893 daAuts
Vaults:2: 2810 daAuts
    D:15: 2492 daAuts
   Elf:1: 2355 daAuts
   Elf:3: 2297 daAuts
Depths:3: 2144 daAuts
Spider:2: 2040 daAuts
Vaults:3: 1930 daAuts
Spider:4: 1922 daAuts
  Lair:6: 1916 daAuts
  Lair:5: 1897 daAuts
Vaults:1: 1869 daAuts
     D:9: 1835 daAuts
